 Dungeon Crawl Stone Soup version 0.21.0-25-ge575cb9 (webtiles) character file.

105 Megalobster the Shooter (level 4, 0/37 HPs)
             Began as a Centaur Hunter on Jan 25, 2018.
             Slain by an orc
             ... wielding a +0 hand axe
              (1 damage)
             ... on level 3 of the Dungeon.
             The game lasted 00:05:26 (2957 turns).

Megalobster the Shooter (Centaur Hunter)            Turns: 2957, Time: 00:05:27

Health: 0/37       AC:  4    Str: 14    XL:     4   Next: 54%
Magic:  4/4        EV:  9    Int: 10    God:
Gold:   84         SH:  0    Dex: 11    Spells: 3/3 levels left

rFire    . . .     SeeInvis .   a - +1 shortbow
rCold    . . .     Gourm    .   (shield currently unavailable)
rNeg     . . .     Faith    .   c - +0 leather armour
rPois    .         Spirit   .   (no helmet)
rElec    .         Reflect  .   (no cloak)
rCorr    .         Harm     .   (no gloves)
MR       .....                  (no barding)
Stlth    ..........             (no amulet)
HPRegen  0.12/turn              p - ring of loudness (curse)
MPRegen  0.09/turn              (no ring)

@: very quick
A: large, hooves 3, deformed body, speed 2, tough skin 3
a: no special abilities


You were on level 3 of the Dungeon.
You were not hungry.

You visited 1 branch of the dungeon, and saw 3 of its levels.

You collected 84 gold pieces.

Inventory:

Hand Weapons
 a - a +1 shortbow (weapon)
 b - a +0 short sword
Missiles
 d - 4 arrows (quivered)
 e - 71 stones
 o - 6 tomahawks
Armour
 c - a +0 leather armour (worn)
 m - a +0 scale mail
Jewellery
 p - a cursed ring of loudness (left hand)
Wands
 r - a wand of disintegration (15)
Scrolls
 i - 3 scrolls of identify {@r1}
 n - a scroll of noise
Potions
 g - a potion of magic {unknown}
 h - a potion of might {unknown}
 j - a potion of heal wounds {unknown}
 k - a potion of curing {unknown}
 l - 2 potions of degeneration
 q - a potion of invisibility {unknown}
Comestibles
 f - 3 rations


   Skills:
 + Level 2.3 Fighting
 * Level 7.5 Bows
 + Level 1.7 Dodging
 - Level 0.4 Stealth


You had 3 spell levels left.
You didn't know any spells.

Dungeon Overview and Level Annotations

Branches:
Dungeon (3/15)

Altars:
Nemelex Xobeh

Annotations:
D:3 Robin


Innate Abilities, Weirdness & Mutations

You have hooves in place of feet.
Armour fits poorly on your strangely shaped body.
You cover ground very quickly.
You have extremely tough skin. (AC +3)


Message History

Ijyb is almost dead.
The bat barely misses you. The adder bites you but does no damage.
Ijyb closely misses you.
Firing (i - inventory. (,) - cycle):
d - 6 arrows (quivered)
Press: ? - help, Shift-Dir - straight line, f/p - Ijyb
Aim: Ijyb, wielding a dagger, wearing a leather armour and carrying a wand of flame (19) (almost dead)
You shoot an arrow. The arrow hits Ijyb!
You kill Ijyb!
The bat barely misses you. The adder bites you.
* * * LOW HITPOINT WARNING * * *
The orc wizard gestures at you while chanting.
The magic dart hits you!
* * * LOW HITPOINT WARNING * * *
The adder bites you but does no damage.
Firing (i - inventory. (,) - cycle):
d - 5 arrows (quivered)
Press: ? - help, Shift-Dir - straight line, f - adder
Aim: an adder You shoot an arrow.
The arrow closely misses the adder.
The bat hits you but does no damage. The orc hits you with a hand axe.
You die...

#%......# #....$..###
## ## . ........... .
. .# #.......#
.#.###.# #%......#
.(!.#..#
#.†.#..((.....)....##.
#.####
..(.....@S..(..( #.
.......bo....## #.
..?.(.......## ..
...?.....o#.# #.
#.#####.... .. .
#...#. #. #..##.. ....
..


You could see an orc wizard, an adder, an orc and a bat.

Vanquished Creatures
  An orc wizard (D:3)
  Ijyb (D:3)
  An ooze (D:2)
  3 worms (D:2)
  A leopard gecko (D:1)
  2 ball pythons
  2 giant cockroaches
  7 goblins
  6 hobgoblins (D:2)
  3 kobolds
  4 bats
  2 frilled lizards
  3 rats
36 creatures vanquished.

Notes
Turn   | Place    | Note
-------+----------+-------------------------------------------
     0 | D:1      | Megalobster the Centaur Hunter began the quest for the Orb.
     0 | D:1      | Reached XP level 1. HP: 17/17 MP: 1/1
   217 | D:1      | Found a sparkling altar of Nemelex Xobeh.
   979 | D:1      | Reached skill level 6 in Bows
   979 | D:1      | Reached XP level 2. HP: 24/24 MP: 2/2
  1775 | D:2      | Reached XP level 3. HP: 29/29 MP: 3/3
  2324 | D:2      | Reached skill level 7 in Bows
  2418 | D:3      | Noticed Ijyb
  2466 | D:3      | Reached XP level 4. HP: 20/36 MP: 4/4
  2631 | D:3      | Noticed Robin
  2956 | D:3      | Killed Ijyb
  2956 | D:3      | HP: 1/37 [orc wizard/magic dart (7)]
  2957 | D:3      | Slain by an orc

Skill      XL: |  1  2  3 |
---------------+----------+-----
Bows           | 6 7 |  7.5
Fighting       | |  2.3
Dodging        | |  1.7
Stealth        | |  0.4

Action                   |  1- 3 |  4- 6 || total
-------------------------+-------+-------++-------
Melee: Short sword       |    60 |     3 ||    63
       Kick              |     4 |     2 ||     6
 Fire: Shortbow          |    37 |    25 ||    62
  Use: Scroll            |       |     2 ||     2
  Eat: Chunk             |     3 |       ||     3
       Ration            |       |     1 ||     1
Armor: Leather armour    |    24 |     8 ||    32
Dodge: Dodged            |    31 |    20 ||    51
